 Dungeon Sprint DCSS version 0.29-a0-577-gafbf2c5d25 (webtiles) character file.

Game seed: 17915670783448245616

576 mhtbhm the Summoner (level 7, -4/52 HPs)
             Began as a Hill Orc Summoner on June 14, 2022.
             Was an Initiate of Sif Muna.
             Slain by a deep troll (19 damage)
             ... in the Dungeon (Sprint I: "Red Sonja").
             The game lasted 00:04:02 (1023 turns).

mhtbhm the Summoner (Hill Orc Summoner)             Turns: 1023, Time: 00:04:02

Health: -4/52      AC:  2    Str: 11    XL:     7   Next: 35%
Magic:  1/15       EV: 12    Int: 17    God:    Sif Muna [......]
Gold:   514        SH:  0    Dex: 11    Spells: 8/17 levels left

rFire   . . .      SeeInvis .     - Unarmed
rCold   . . .      Faith    .   (no shield)
rNeg    . . .      Spirit   .   a - +0 robe
rPois   .          Reflect  .   (no helmet)
rElec   .          Harm     .   (no cloak)
rCorr   .          Rampage  .   (no gloves)
Will    .....      NoTele   +   (no boots)
Stlth   ++........              (no amulet)
HPRegen 0.17/turn               (no ring)
MPRegen 0.14/turn               (no ring)

@: invisible
A: no striking features
a: Renounce Religion


You were in the Dungeon.
You worshipped Sif Muna.
Sif Muna was noncommittal.
You visited 1 branch You collected 602 gold pieces.
You spent 88 gold pieces at shops.

Inventory:

Missiles
 c - 3 curare-tipped darts (quivered)
Armour
 a - a +0 robe (worn)
Wands
 d - a wand of polymorph (7)
Scrolls
 g - a scroll of blinking
Potions
 b - 3 potions of magic
 e - a potion of haste
 h - 3 potions of curing


   Skills:
 + Level 1.6 Fighting
 + Level 3.6 Dodging
 + Level 3.4 Stealth
 + Level 3.4 Unarmed Combat
 + Level 5.6 Spellcasting
 + Level 12.6 Summonings


You had 8 spell levels left.
You knew the following spells:

 Your Spells              Type           Power      Damage    Failure   Level
a - Summon Small Mammal   Summ           100%       N/A       1%          1
b - Call Imp              Summ           47%        N/A       1%          2
c - Call Canine Familiar  Summ           47%        N/A       1%          3
d - Summon Guardian Gole  Hex/Summ       26%        N/A       3%          3

Your spell library contained the following spells:

 Spells                   Type           Power      Damage    Failure   Level
 Summon Lightning Spire   Summ/Air       26%        N/A       10%         4


Dungeon Overview and Level Annotations

Branches:
Dungeon (1/1)

Altars:
Cheibriados
Dithmenos
Elyvilon
Fedhas
Gozag
Hepliaklqana
Kikubaaqudgha
Nemelex Xobeh
Okawaru
Qazlal
Ru
Sif Muna
Trog
Uskayaw
Vehumet
Wu Jian
Yredelemnul
Zin
The Shining One

Shops:
D !(


Message History

The deep troll closely misses you. The deep troll claws you!
The deep troll claws you!!
Unknown command.
You swap places.
Your quokka bites the deep troll.
The deep troll closely misses your quokka. x2
The deep troll claws your quokka!
Your quokka dies!
Your quokka's corpse disappears in a puff of smoke!
Flame seeps out of your guardian golem.
Your guardian golem is engulfed in blazing flames.
Flame seeps out of your guardian golem.
Unknown command.
Casting: Summon Small Mammal (safe; 1% risk of failure)
Confirm with . or Enter, or press ? or * to list all spells.
Your guardian golem is engulfed in blazing flames.
Flame seeps out of your guardian golem.
Your guardian golem is engulfed in blazing flames.
Your guardian golem disappears in a puff of smoke!
Your guardian golem explodes!
The fiery explosion engulfs your iron imp.
Your iron imp completely resists.
The fiery explosion engulfs your bat!!
Your bat dies!
Your bat's corpse disappears in a puff of smoke!
Unknown command.
You swap places.
The deep troll bites your rat.
Your rat dies!
Your rat's corpse disappears in a puff of smoke!
Unknown command.
You fade into invisibility!
Your iron imp completely misses the deep troll.
Okay, then.
Blink to where?
Press: ? - help, Dir - move target, p - deep troll
Okay, then.
The deep troll attacks as you move away!
The deep troll bites you!
* * * LOW HITPOINT WARNING * * *
The deep troll claws you!!
You die...

#..#####'#####'#
#..####..#...#(#
#..#__####..##)#
#..#_____##'#_.+
#⌠⌠#_.∩...'.÷._#
####_..__##_.#'#
#_____###÷#)#
############§####+###
#∩...@T.5.§.§.'$$($$+
###++++####§§.#######
###.### #.#'#.#
#.....# #.)(..#
#######


You could see a deep troll (ally target) and a friendly iron imp (summoned).

Vanquished Creatures
  Ijyb (D)
1 creature vanquished.

Vanquished Creatures (collateral kills)
  Sigmund (D)
  A yak (D)
  A golden eye (D)
  An ogre (D)
  A jelly (D)
5 creatures vanquished.

Vanquished Creatures (others)
  2 ballistomycete spores (D)
2 creatures vanquished.

Grand Total: 8 creatures vanquished

Notes
Turn   | Place    | Note
-------+----------+-------------------------------------------
     0 | D        | mhtbhm the Hill Orc Summoner began the quest for the Orb.
     0 | D        | Reached XP level 1. HP: 14/14 MP: 3/3
     4 | D        | Noticed Ijyb
    32 | D        | Killed Ijyb
    33 | D        | Reached skill level 1 in Unarmed Combat
    33 | D        | Reached skill level 6 in Summonings
    33 | D        | Reached XP level 2. HP: 20/20 MP: 3/5
    33 | D        | Reached XP level 3. HP: 26/26 MP: 3/6
   164 | D        | Learned a level 2 spell: Call Imp
   168 | D        | Learned a level 3 spell: Call Canine Familiar
   173 | D        | Noticed an ogre
   179 | D        | Killed an ogre
   180 | D        | Reached skill level 8 in Summonings
   180 | D        | Reached XP level 4. HP: 34/34 MP: 1/8
   186 | D        | Noticed Sigmund
   209 | D        | Killed Sigmund
   210 | D        | Reached skill level 1 in Fighting
   210 | D        | Reached skill level 10 in Summonings
   210 | D        | Reached XP level 5. HP: 40/40 MP: 3/10
   210 | D        | Reached XP level 6. HP: 47/47 MP: 3/11
   395 | D        | Found an ornate altar of the Wu Jian Council.
   395 | D        | Found a shimmering blue altar of Sif Muna.
   397 | D        | Found a radiant altar of Vehumet.
   405 | D        | Reached skill level 11 in Summonings
   556 | D        | Found Mouhios's Antique Weapon Emporium.
   556 | D        | Found an ancient bone altar of Kikubaaqudgha.
   556 | D        | Found a hazy altar of Hepliaklqana.
   556 | D        | Found a stormy altar of Qazlal.
   556 | D        | Found a hide-covered altar of Uskayaw.
   556 | D        | Found a blossoming altar of Fedhas.
   556 | D        | Found a bloodstained altar of Trog.
   556 | D        | Found an iron altar of Okawaru.
   556 | D        | Found a basalt altar of Yredelemnul.
   556 | D        | Found a glowing golden altar of the Shining One.
   556 | D        | Found a snail-covered altar of Cheibriados.
   556 | D        | Found a sacrificial altar of Ru.
   556 | D        | Found a glowing silver altar of Zin.
   556 | D        | Found a shadowy altar of Dithmenos.
   556 | D        | Found a white marble altar of Elyvilon.
   556 | D        | Noticed a yak
   587 | D        | Killed a yak
   588 | D        | Reached skill level 5 in Spellcasting
   588 | D        | Reached skill level 12 in Summonings
   588 | D        | Reached XP level 7. HP: 52/52 MP: 3/14
   591 | D        | Found an opulent altar of Gozag.
   592 | D        | Found a sparkling altar of Nemelex Xobeh.
   610 | D        | Became a worshipper of Sif Muna the Loreminder
   667 | D        | Noticed Sonja
   668 | D        | Noticed Sonja
   668 | D        | Sonja changed into Sonja the golden eye
   735 | D        | Killed Sonja the golden eye
   821 | D        | Found Ydwa's Distillery.
   829 | D        | Bought a potion of invisibility for 88 gold pieces
   997 | D        | Noticed a deep troll
  1007 | D        | Learned a level 3 spell: Summon Guardian Golem
  1023 | D        | Slain by a deep troll

Illustrated notes

Levels and vault maps discovered:
D:        dungeon_sprint_1 [red_sonja_temple_1, red_sonja_temple_small_1]

Skill      XL: |  1  2  3  4  5  6 |
---------------+-------------------+-----
Dodging        | 2 3 |  3.6
Stealth        | 2 3 |  3.4
Unarmed Combat | 1 2 3 |  3.4
Spellcasting   | 2 3 5 |  5.6
Summonings     | 6 8 10 12 | 12.6
Fighting       | 1 |  1.6

Action                   |  1- 3 |  4- 6 |  7- 9 || total
-------------------------+-------+-------+-------++-------
Melee: Unarmed           |    14 |       |     2 ||    16
       Punch             |     1 |       |       ||     1
Throw: Dart              |       |       |     1 ||     1
 Cast: Summon Small Mamm |     4 |     3 |     5 ||    12
       Call Imp          |     1 |     4 |     3 ||     8
       Call Canine Famil |     1 |     3 |     3 ||     7
       Summon Guardian G |       |       |     1 ||     1
Evoke: Wand              |       |       |     1 ||     1
  Use: Potion            |     2 |       |     2 ||     4
Armor: Skin              |     4 |       |       ||     4
Dodge: Dodged            |     3 |     1 |     1 ||     5

Table legend: (Time is in decaauts)
 A = Elapsed time spent in this place.
 B = Non-inter-level travel time spent in this place.
 C = Inter-level travel time spent in this place.
 D = Time resting spent in this place.
 E = Time spent auto-exploring this place.
 F = Levels seen in this place.
 G = Mean time per level.
                   A        B        C        D        E       F      G
               +--------+--------+--------+--------+--------+-----+--------+
         Total |   1027 |   1027 |      0 |    640 |      0 |   1 | 1027.0 |
       Dungeon |   1027 |   1027 |      0 |    640 |      0 |   1 | 1027.0 |
               +--------+--------+--------+--------+--------+-----+--------+

Top non-repeatable levels by time:
       D: 1027 daAuts
